 Dungeon Crawl Stone Soup version 0.19.0-2-gae57169 (webtiles) character file.

721468 KarmaPolice the Slayer (level 27, -4/172 HPs)
             Began as a Halfling Hunter on Nov 1, 2016.
             Was the Champion of Okawaru.
             Slain by a Tzitzimitl (12 damage)
             ... called by a doom hound
             ... on level 1 of Tartarus on Nov 5, 2016.
             The game lasted 16:54:17 (149479 turns).

KarmaPolice the Slayer (Halfling Hunter)          Turns: 149479, Time: 16:54:18

Health: -4/172     AC: 15    Str: 20    XL:     27
Magic:  18/18      EV: 40    Int: 11    God:    Okawaru [******]
Gold:   3022       SH:  8    Dex: 22    Spells: 6 memorised, 11 levels left

rFire  + + .     SeeInvis +     F - +3 scimitar (holy)
rCold  + . .     Gourm    .     O - +2 robe of the Crown {+Blink rElec rN++ MP-9}
rNeg   + + +     Faith    .     Z - +1 buckler of Untold Secrets {+Inv rF+ Slay+4}
rPois  .         Spirit   .     M - +0 hat of Compression {rF+ MR+}
rElec  +         Reflect  .     q - +0 cloak of the Hippo {Regen+ Slay+3}
rCorr  .         Harm     .     s - +2 pair of gloves {Str+3}
MR     +++++     Clarity  +     o - +2 pair of boots {run}
Stlth  ++........               r - amulet of the Four Winds {rN+ MR+++ Clar}
                                W - ring of Peos {rC+ MR+ SInv}
                                e - +5 ring of evasion

@: quick
A: blurry vision 3, clever 1, clumsy 1, frail 2, low mp 1, mutation resistance 1
a: Heroism, Finesse, Renounce Religion, Evoke Blink, Evoke Invisibility
}: 3/15 runes: barnacled, silver, gossamer


You were on level 1 of Tartarus.
You worshipped Okawaru.
Okawaru was exalted by your worship.
You were not hungry.

You visited 17 branches of the dungeon, and saw 62 of its levels.
You visited the Abyss 2 times.
You also visited: Trove and Ice Cave.

You collected 6848 gold pieces.
You spent 3826 gold pieces at shops.

Inventory:

Hand Weapons
 j - the +5 scimitar of Inigrin {drain, Str+6 Stlth+}
   (You took it off a yaktaur on level 4 of the Depths)

   A truly terrible weapon, it drains the life of those it strikes.
   It affects your strength (+6).
   It makes you more stealthy.
 u - a +3 demon blade of flaming
 B - the +8 fustibalus "Hoevask" {venom, Dex+4}
   (Okawaru gifted it to you on level 2 of the Depths)

   It poisons the ammo it fires.
   It affects your dexterity (+4).
 F - a +3 scimitar of holy wrath (weapon)
Missiles
 d - 696 sling bullets
Armour
 c - the +9 armour of the Dragon King {rPois rF+ rC+ MR+}
   (You found it in a treasure trove)

   It protects you from fire.
   It protects you from cold.
   It protects you from poison.
   It affects your resistance to hostile enchantments.
 o - a +2 pair of boots of running (worn)
 q - the +0 cloak of the Hippo (worn) {Regen+ Slay+3}
   (You found it on level 5 of the Vaults)

   It affects your accuracy and damage with ranged weapons and melee attacks
   (+3).
   It increases your rate of regeneration.
 s - a +2 pair of gloves of strength (worn)
 M - the +0 hat of Compression (worn) {rF+ MR+}
   (Okawaru gifted it to you on level 5 of the Depths)

   It protects you from fire.
   It affects your resistance to hostile enchantments.
 O - the +2 robe of the Crown (worn) {+Blink rElec rN++ MP-9}
   (You bought it in a shop on level 2 of the Orcish Mines)

   It insulates you from electricity.
   It greatly protects you from negative energy.
   It affects your magic capacity (-9).
   It lets you blink.
 V - the +10 chain mail "Viloen Onori" {rF+ Str+2}
   (You found it on level 3 of the Elven Halls)

   It affects your strength (+2).
   It protects you from fire.
 Z - the +1 buckler of Untold Secrets (worn) {+Inv rF+ Slay+4}
   (Okawaru gifted it to you on level 1 of the Vaults)

   It affects your accuracy and damage with ranged weapons and melee attacks
   (+4).
   It protects you from fire.
   It lets you turn invisible.
Jewellery
 e - a +5 ring of evasion (left hand)
 r - the amulet of the Four Winds (around neck) {rN+ MR+++ Clar}
   (You took it off a deep elf sorcerer on level 4 of the Vaults)

   [amulet of nothing]

   It protects you from negative energy.
   It affects your resistance to hostile enchantments.
   It protects you against confusion.
 R - a +5 ring of evasion
 W - the ring of Peos (right hand) {rC+ MR+ SInv}
   (You found it on level 2 of the Depths)

   [ring of protection from cold]

   It protects you from cold.
   It affects your resistance to hostile enchantments.
   It lets you see invisible.
Wands
 g - a wand of heal wounds (2/9)
 t - a wand of digging (4/24)
 H - a wand of teleportation (1/9)
 J - a wand of digging (9/24)
 P - a wand of teleportation (4/9)
 U - a wand of iceblast (8/15)
Scrolls
 b - 5 scrolls of enchant weapon
 i - 7 scrolls of fog
 k - 9 scrolls of enchant armour
 p - 17 scrolls of remove curse
 y - a scroll of identify
 z - 9 scrolls of fear
 A - 6 scrolls of magic mapping
 E - 2 scrolls of blinking
 I - 3 scrolls of immolation
 L - 5 scrolls of silence
 X - 2 scrolls of holy word
Potions
 a - 10 potions of flight
 l - 2 potions of agility
 m - a potion of might
 n - 8 potions of haste
 v - 2 potions of cure mutation
 w - 7 potions of invisibility
 x - a potion of resistance
 D - 2 potions of berserk rage (quivered)
 K - 2 potions of cancellation
 S - 6 potions of curing
 T - 5 potions of ambrosia
Miscellaneous
 G - a sack of spiders
 Q - the horn of Geryon
 Y - a phial of floods
Comestibles
 f - 21 bread rations
 h - 33 meat rations


   Skills:
 + Level 24.5 Fighting
   Level 9.3(19.8) Short Blades
 + Level 23.0(23.4) Long Blades
 - Level 22.0 Slings
 - Level 19.0 Armour
 + Level 21.6 Dodging
 - Level 1.1 Stealth
 - Level 6.0 Shields
 - Level 5.2 Spellcasting
 - Level 13.0 Hexes
 - Level 11.9 Air Magic
 - Level 8.0 Invocations
 - Level 10.0 Evocations


You had 11 spell levels left.
You knew the following spells:

 Your Spells              Type           Power        Failure   Level  Hunger
a - Silence               Hex/Air        ####......   4%          5    ######.
b - Airstrike             Air            ####......   1%          4    ####...
c - Deflect Missiles      Chrm/Air       ###.......   100%        6    #######
d - Swiftness             Chrm/Air       ###.....     2%          2    ##.....
e - Invisibility          Hex            ####....     17%         6    #######
f - Passwall              Tmut/Erth      #.........   34%         2    ##.....


Dungeon Overview and Level Annotations

Branches:
Dungeon (15/15)            Temple (1/1) D:6            Lair (6/6) D:8
 Shoals (4/4) Lair:3       Spider (4/4) Lair:4        Slime (5/5) Lair:6
    Orc (2/2) D:11            Elf (3/3) Orc:2        Vaults (5/5) D:14
  Crypt (3/3) Vaults:2       Tomb (1/3) Crypt:3      Depths (5/5) D:15
   Hell (1/1)                 Dis (1/7) Hell            Geh (1/7) Hell
    Coc (0/7) Hell            Tar (1/7) Hell            Zot (4/5) Depths:5

Altars:
Ashenzari
Cheibriados
Dithmenos
Elyvilon
Fedhas
Gozag
Hepliaklqana
Kikubaaqudgha
Makhleb
Nemelex Xobeh
Okawaru
Qazlal
Ru
Sif Muna
Trog
Uskayaw
Vehumet
Xom
Yredelemnul
Zin
The Shining One
Jiyva

Shops:
D:4 (   D:7 %*   Orc:2 [:=*(   Elf:2 ?=}}   Vaults:1 *   Vaults:5 *}}:
Depths:2 =

Portals:
Hell: Depths:1 Depths:2 Depths:3 Depths:4 Depths:5
Abyss: Depths:2 Depths:4
Pandemonium: Depths:1 Depths:2 Depths:3
Ziggurat: Depths:4

Annotations:
Slime:5 Royal Jelly


Innate Abilities, Weirdness & Mutations

You are small and have problems with some larger weapons.
You are somewhat resistant to further mutation.
Scrolls take you much longer to read.
Your mind is acute. (Int +2)
You are clumsy. (Dex -2)
You are very frail. (-20% HP)
Your magical capacity is low. (-10% MP)


Message History

You continue reading the scroll.
You block the doom hound's attack. x2
The phantasmal warrior completely misses you.
The Tzitzimitl gestures at you. The bolt of cold hits you! You resist.
* * * LOW HITPOINT WARNING * * *
As you read the scroll of holy word, it crumbles to dust.
You speak a Word of immense power!
The phantasmal warrior convulses!
The Tzitzimitl convulses!
The doom hound convulses!
The Tzitzimitl convulses!
The tormentor convulses!
You kill the tormentor!
Okawaru accepts your kill.
You feel much better.
The infernal howling subsides.
The doom hound bites you!!!
* * * LOW HITPOINT WARNING * * *
The doom hound misses you.
The Tzitzimitl is lost in a daze.
You block the phantasmal warrior's attack.
The Tzitzimitl completely misses you. The Tzitzimitl bites you!
You die...

#.#### ##.........
#....####..........
##..................
#...................
###...................
#.....................
#.....................
##....................
#..1@W...............
##.(h1...............
##...............#..
...............##..
#............... #..
#.............(. ..#
#.............. ...#
#.......... ....
#.##...... .....


You could see a doom hound (dazed), 2 Tzitzimimeh and a phantasmal warrior
(dazed).

Vanquished Creatures
  Mara (Spider:3)
  An orb of fire (Depths:5)
  Sojobo (Depths:2)
  3 greater mummies (Crypt:2)
  Frederick (Vaults:3)
  Saint Roka (Orc:2)
  2 curse toes
  Margery (Depths:3)
  A Killer Klown (Zot:4)
  The ghost of vev the Severer, a veteran CeVM of Elyvilon (Depths:4)
  9 golden dragons
  Xtahua (Depths:5)
  Geryon (Hell)
  the Enchantress (Depths:2)
  Jory (Vaults:4)
  3 bone dragons
  3 Brimstone Fiends (Geh:1)
  2 Tzitzimimeh (Tar:1)
  Jorgrun (Crypt:3)
  17 tentacled monstrosities
  Asterion (Depths:1)
  6 liches
  9 quicksilver dragons
  A tentacled starspawn (Abyss:3)
  7 titans
  A deep elf blademaster (Elf:3)
  7 sphinxes
  7 death cobs
  A sphinx (shapeshifter) (Vaults:5)
  2 thorn hunters (Depths:2)
  21 storm dragons
  Polyphemus (Shoals:3)
  43 acid blobs
  9 tengu reavers
  6 ancient champions
  An eldritch tentacle (Geh:1)
  A kraken (Shoals:3)
  14 shadow dragons
  3 draconian monks
  A revenant (Crypt:2)
  18 azure jellies
  10 fire giants
  7 draconian knights
  Ilsuiw (Shoals:4)
  18 vault wardens
  5 balrugs
  3 curse skulls
  An orc warlord (D:11)
  3 draconian scorchers
  11 frost giants
  3 ghost moths (Spider:4)
  11 deep elf sorcerers
  Louise (Spider:3)
  4 emperor scorpions
  2 iron dragons
  4 draconian zealots
  7 ghouls
  3 spriggan defenders
  4 draconian shifters
  6 draconian annihilators
  11 reapers
  2 deep elf elementalists
  18 ironheart preservers
  3 war gargoyles
  2 draconian callers (Zot:3)
  25 very ugly things
  8 entropy weavers
  4 green draconians
  7 deep elf demonologists
  11 black draconians
  25 stone giants
  11 deep elf annihilators
  3 vampire knights
  11 red draconians
  6 white draconians
  6 yellow draconians
  3 spark wasps
  Azrael (D:15)
  9 mottled draconians
  4 merfolk javelineers
  8 purple draconians
  2 eidola (Crypt:2)
  A blizzard demon (Dis:1)
  18 ettins
  7 deep elf death magi
  11 fire dragons
  A quicksilver dragon zombie (Geh:1)
  8 jiangshi
  13 death oozes
  6 deep elf high priests
  2 mummy priests (Crypt:2)
  21 yaktaur captains
  A fire dragon (shapeshifter) (Vaults:5)
  12 great orbs of eyes
  8 merfolk impalers
  34 vault guards
  11 hydras
  9 rakshasas
  A hydra (shapeshifter) (Depths:2)
  11 centaur warriors
  Harold (Lair:2)
  5 merfolk avatars
  15 ice dragons
  5 catoblepae
  4 alligator snapping turtles
  7 spriggan air magi
  4 satyrs
  4 merfolk aquamancers
  A queen ant (D:11)
  14 deep troll shamans
  31 dancing weapons
  11 death yaks
  6 hell hogs
  10 tengu warriors
  6 vampire magi
  11 deep troll earth magi
  10 ogre magi
  5 orc high priests
  9 spriggan berserkers
  2 titan zombies
  2 thrashing horrors (Abyss:3)
  Sonja (Lair:3)
  11 sun demons
  5 soul eaters
  3 shadow wraiths
  20 deep elf knights
  2 iron golems (Depths:1)
  A shock serpent (shapeshifter) (Depths:1)
  A storm dragon zombie (Tar:1)
  A fire crab (shapeshifter) (Vaults:4)
  34 hell knights
  6 iron trolls
  18 skeletal warriors
  2 storm dragon skeletons
  A shadow demon (Depths:1)
  8 glowing orange brains
  A glowing orange brain (shapeshifter) (Depths:2)
  7 unseen horrors
  7 sea snakes
  20 deep elf archers
  37 deep trolls
  A hill giant (shapeshifter) (Depths:5)
  7 flayed ghosts
  12 necromancers
  11 hill giants
  A tengu zombie (Depths:2)
  2 wizards (Vaults:3)
  22 ironbrand convokers
  7 phantasmal warriors
  2 sphinx zombies
  2 anaconda skeletons (Tar:1)
  19 harpies
  An orb spider (shapeshifter) (D:14)
  A shadow dragon skeleton (Vaults:3)
  8 orc knights
  2 lindwurms
  A sphinx skeleton (Crypt:2)
  23 orb spiders
  7 cyclopes
  5 orc sorcerers
  29 wolf spiders
  A fire giant zombie (Tar:1)
  An iron dragon zombie (Geh:1)
  An oklob plant (Lair:5)
  16 fauns
  2 wolf spider zombies
  A salamander (shapeshifter) (Vaults:3)
  3 shining eyes
  38 ugly things
  3 human zombies
  A glowing shapeshifter (Vaults:5)
  16 manticores
  76 deep elf magi
  A fire giant skeleton (Vaults:3)
  A worldbinder (Abyss:3)
  Maurice (Orc:1)
  3 stone giant skeletons
  3 centaur zombies
  16 sirens
  3 frost giant skeletons
  8 black mambas
  13 elephants
  A shock serpent zombie (Crypt:2)
  7 smoke demons
  22 moths of wrath
  A black mamba (shapeshifter) (Vaults:5)
  2 dire elephant zombies
  3 eyes of devastation
  An apocalypse crab (Abyss:3)
  10 rust devils
  20 vault sentinels
  3 guardian serpents (shapeshifter)
  3 ice statues
  An orange demon (Abyss:3)
  4 gargoyles
  8 water nymphs
  10 spiny frogs
  A spiny frog (shapeshifter) (Vaults:4)
  7 hellions
  61 yaktaurs
  A rime drake (Lair:5)
  3 dire elephant skeletons
  A molten gargoyle (Hell)
  3 kobold demonologists (D:15)
  15 freezing wraiths
  11 komodo dragons
  2 anaconda simulacra (IceCv)
  6 ice devils (IceCv)
  2 ancient zymes (Abyss:3)
  A hydra zombie (Geh:1)
  5 red devils
  A spriggan skeleton (Depths:2)
  6 tormentors
  12 demonic crawlers
  A golden dragon simulacrum (IceCv)
  2 queen bees (shapeshifter)
  6 guardian mummies
  5 tengu conjurers
  A catoblepas skeleton (Abyss:3)
  11 trolls
  3 meliai
  A mottled draconian skeleton (Crypt:3)
  18 two-headed ogres
  3 hydra skeletons
  A minotaur zombie (Crypt:1)
  18 blink frogs
  A polar bear (Lair:6)
  A blink frog (shapeshifter) (D:14)
  30 merfolk
  52 jumping spiders
  17 hornets
  Grinder (D:5)
  A hornet (shapeshifter) (Vaults:1)
  A raiju (shapeshifter) (Vaults:1)
  A two-headed ogre (shapeshifter) (Vaults:4)
  A meliai zombie (D:11)
  A hippogriff (shapeshifter) (Elf:1)
  3 alligator zombies (Hell)
  88 slime creatures
  12 hippogriffs
  13 wind drakes
  6 dream sheep
  2 bog bodies (Crypt:2)
  4 raiju (Abyss:3)
  14 snapping turtles
  A fire dragon zombie (Geh:1)
  A dream sheep (shapeshifter) (Vaults:5)
  7 large abominations (Abyss:3)
  71 redbacks
  A black mamba zombie (Tar:1)
  An elf skeleton (Depths:2)
  14 air elementals
  A vampire (D:14)
  11 flying skulls
  16 water elementals
  4 dire elephant simulacra (IceCv)
  2 spriggans (Depths:1)
  A spriggan (shapeshifter) (Depths:2)
  A black mamba skeleton (Crypt:2)
  9 shadows
  49 tarantellas
  6 wyverns
  2 ynoxinuls (Abyss:3)
  A wyvern (shapeshifter) (Depths:3)
  6 wraiths
  4 fire bats (Geh:1)
  8 basilisks
  Grum (D:10)
  A steam dragon (D:8)
  15 fire elementals
  9 golden eyes
  5 hungry ghosts
  2 neqoxecs (Depths:1)
  49 yaks
  A human simulacrum (Vaults:2)
  2 iron troll simulacra (IceCv)
  A death yak simulacrum (IceCv)
  2 mottled dragons
  4 harpy simulacra (IceCv)
  6 vampire mosquitoes
  2 wargs
  16 soldier ants
  2 hydra simulacra
  12 hell hounds
  A torturous demonspawn zombie (Crypt:1)
  15 water moccasins
  6 porcupines
  Duvessa (D:7)
  A faun skeleton (Crypt:1)
  A swamp drake (shapeshifter) (Depths:4)
  An elephant zombie (Crypt:1)
  3 ice beasts
  An ettin simulacrum (IceCv)
  A ghost crab zombie (Crypt:3)
  31 orc warriors
  7 black bears
  7 eyes of draining
  8 sky beasts
  A snapping turtle zombie (Geh:1)
  10 boggarts
  An eye of draining (shapeshifter) (Vaults:3)
  2 phantoms
  A boggart (shapeshifter) (Vaults:4)
  6 necrophages
  17 crocodiles
  A lindwurm skeleton (Crypt:1)
  27 wolves
  20 centaurs
  44 ogres
  A manticore skeleton (Crypt:2)
  A torpor snail zombie (Crypt:3)
  4 big kobolds
  A salamander zombie (Crypt:1)
  An elf zombie (Geh:1)
  Blork the orc (D:5)
  21 bullfrogs
  7 small abominations
  2 wyvern zombies
  2 spiny frog simulacra (Hell)
  A draconian skeleton (Crypt:3)
  2 gnoll sergeants
  Dowan (D:7)
  9 earth elementals
  4 wyvern skeletons
  4 scorpions
  36 wights
  10 killer bees (D:9)
  A raiju zombie (Crypt:1)
  A howler monkey (D:11)
  A raiju skeleton (Crypt:2)
  3 electric eels
  A wolf zombie (Crypt:1)
  2 bullfrog zombies (D:12)
  11 crimson imps
  12 hounds
  3 quasits
  A bullfrog skeleton (D:10)
  2 draconian simulacra (IceCv)
  2 jellies
  29 orc priests
  31 orc wizards
  4 iron imps
  A black bear skeleton (Crypt:2)
  7 centaur skeletons
  4 iguanas
  Natasha (twice) (D:2)
  3 troll simulacra (IceCv)
  43 worker ants
  A spriggan simulacrum (IceCv)
  A wolf simulacrum (IceCv)
  A polar bear simulacrum (IceCv)
  A deep dwarf zombie (Crypt:3)
  2 centaur simulacra
  A mottled dragon skeleton (Crypt:3)
  A deep dwarf skeleton (Crypt:2)
  14 mummies
  A hound skeleton (D:9)
  2 worker ant zombies
  11 gnolls
  2 howler monkey skeletons (D:4)
  13 adders
  2 naga simulacra (IceCv)
  5 shadow imps
  6 white imps
  11 ufetubi
  An ooze (D:2)
  An adder skeleton (D:4)
  A lava snake skeleton (Crypt:3)
  4 worms
  4 dart slugs
  14 leopard geckos
  100 orcs
  A bat skeleton (Crypt:1)
  4 giant cockroaches
  10 goblins
  8 hobgoblins
  4 jackals (D:2)
  26 kobolds
  8 quokkas
  A ball python (D:4)
  9 bats
  8 frilled lizards
  A goblin zombie (Crypt:2)
  A leopard gecko skeleton (D:4)
  A quokka skeleton (D:8)
  2 quokka zombies
  11 rats
  10 fungi
  14 plants
  3 starspawn tentacles (Abyss:3)
3099 creatures vanquished.

Vanquished Creatures (collateral kills)
  A death ooze (Slime:5)
  A yaktaur captain (Depths:1)
  A rakshasa (Depths:1)
  A tengu warrior (Depths:1)
  An orb spider (shapeshifter) (Depths:1)
  An ancient zyme (Abyss:3)
  A raiju (Abyss:3)
  A ynoxinul (Abyss:3)
8 creatures vanquished.

Vanquished Creatures (others)
  A deep elf master archer (Elf:3)
  Donald (Slime:2)
  A fire giant (Depths:3)
  A stone giant (Depths:1)
  A vampire knight (Depths:1)
  2 yaktaur captains
  3 merfolk javelineers (Shoals:4)
  4 centaur warriors
  4 satyrs
  An ogre mage (Depths:3)
  A spriggan berserker (Depths:2)
  2 deep elf archers (Elf:2)
  A phantasmal warrior (Vaults:5)
  An orb spider (shapeshifter) (Vaults:3)
  3 fauns
  2 cyclopes
  A deep elf mage (Elf:2)
  A water nymph (Shoals:4)
  6 yaktaurs
  A merfolk (Shoals:3)
  A large abomination (Abyss:3)
  A redback (Spider:2)
  2 centaurs
  An earth elemental (Elf:2)
  A wight (Geh:1)
  An orc (Orc:2)
  A kobold (D:15)
  60 fungi
  A lurking horror (Abyss:3)
  83 plants
  9 starspawn tentacles (Abyss:3)
  8 tentacles (Shoals:3)
207 creatures vanquished.

Grand Total: 3314 creatures vanquished

Notes
Turn   | Place    | Note
-------+----------+-------------------------------------------
     0 | D:1      | KarmaPolice the Halfling Hunter began the quest for the Orb.
     0 | D:1      | Reached XP level 1. HP: 14/14 MP: 1/1
   310 | D:1      | Reached XP level 2. HP: 15/19 MP: 2/2
   561 | D:1      | Reached skill level 2 in Fighting
   600 | D:1      | Reached skill level 1 in Short Blades
   771 | D:1      | Reached XP level 3. HP: 24/24 MP: 3/3
  1330 | D:2      | Noticed Natasha
  1357 | D:2      | Killed Natasha
  1357 | D:2      | Reached XP level 4. HP: 13/30 MP: 4/4
  1689 | D:2      | Noticed Natasha
  1698 | D:2      | Killed Natasha
  1698 | D:2      | Reached XP level 5. HP: 29/35 MP: 5/5
  2578 | D:3      | Found a hazy altar of Hepliaklqana.
  3321 | D:4      | Reached XP level 6. HP: 41/41 MP: 6/6
  3627 | D:4      | Reached skill level 3 in Fighting
  3831 | D:4      | Noticed a phantom
  3876 | D:4      | Killed a phantom
  3876 | D:4      | Reached XP level 7. HP: 25/46 MP: 7/7
  4323 | D:4      | Found an opulent altar of Gozag.
  4359 | D:4      | Found a burning altar of Makhleb.
  4366 | D:4      | Found a deep blue altar of Sif Muna.
  4367 | D:4      | Found a blossoming altar of Fedhas.
  4436 | D:4      | Found Faidwa's Antique Weapon Boutique.
  4531 | D:5      | Entered Level 5 of the Dungeon
  4773 | D:5      | Noticed Blork the orc
  5242 | D:6      | Reached XP level 8. HP: 44/54 MP: 8/8
  5249 | D:6      | Reached skill level 4 in Fighting
  5249 | D:6      | Reached skill level 5 in Short Blades
  5249 | D:6      | Reached skill level 5 in Dodging
  5430 | D:5      | Killed Blork the orc
  6497 | D:5      | Noticed Grinder
  6501 | D:5      | Paralysed by Grinder for 3 turns
  6514 | D:5      | Killed Grinder
  6643 | D:6      | Found a bloodstained altar of Trog.
  6656 | D:6      | Reached XP level 9. HP: 54/60 MP: 9/9
  6672 | D:6      | Reached skill level 5 in Fighting
  6672 | D:6      | Reached skill level 1 in Armour
  6714 | D:6      | Found a staircase to the Ecumenical Temple.
  6724 | Temple   | Entered the Ecumenical Temple
  6780 | Temple   | Became a worshipper of Warmaster Okawaru
  6814 | D:6      | Reached skill level 10 in Slings
  7402 | D:6      | Noticed a two-headed ogre
  7411 | D:6      | Killed a two-headed ogre
  7411 | D:6      | Reached * piety under Okawaru
  7411 | D:6      | Reached skill level 1 in Invocations
  7885 | D:7      | Found Gelyura's Food Emporium.
  7916 | D:7      | Noticed a hornet
  7933 | D:7      | Killed a hornet
  7969 | D:7      | Found Welaisul's Assorted Antiques.
  8040 | D:7      | Reached skill level 6 in Fighting
  8040 | D:7      | Reached XP level 10. HP: 61/68 MP: 12/12
  8149 | D:7      | Noticed Duvessa
  8149 | D:7      | Noticed Dowan
  8192 | D:7      | Killed Duvessa
  8210 | D:7      | Killed Dowan
  8786 | D:7      | Reached ** piety under Okawaru
  9052 | D:7      | Found a shadowy altar of Dithmenos.
  9449 | D:8      | Found a sacrificial altar of Ru.
  9488 | D:8      | Found a staircase to the Lair.
  9848 | D:8      | Reached skill level 1 in Evocations
 10150 | D:8      | Found a white marble altar of Elyvilon.
 10224 | D:8      | Found a sparkling altar of Nemelex Xobeh.
 10227 | D:8      | Found an ancient bone altar of Kikubaaqudgha.
 10230 | D:8      | Found a shimmering altar of Xom.
 10534 | D:9      | Found a runed door.
 10546 | D:9      | Found a runed gate.
 10547 | D:9      | Found a runed door.
 10557 | D:9      | Found a runed gate.
 10557 | D:9      | Found a runed gate.
 10762 | D:9      | Identified The Foundations of Sorcery
 10939 | D:9      | Reached skill level 7 in Fighting
 11298 | D:10     | Entered Level 10 of the Dungeon
 11298 | D:10     | Noticed Grum
 11932 | D:10     | Killed Grum
 12056 | D:10     | Found a sacrificial altar of Ru.
 12099 | D:10     | Reached XP level 11. HP: 63/75 MP: 14/14
 12187 | D:10     | Reached *** piety under Okawaru
 12351 | D:9      | Reached skill level 5 in Invocations
 12647 | D:10     | Noticed a hill giant
 12674 | D:10     | Killed a hill giant
 12972 | D:10     | Reached **** piety under Okawaru
 13069 | D:11     | Noticed a queen ant
 13522 | D:11     | Killed a queen ant
 13522 | D:11     | Reached skill level 8 in Fighting
 13774 | D:11     | Received a gift from Okawaru
 13857 | D:11     | Reached skill level 5 in Evocations
 14362 | D:10     | Reached ***** piety under Okawaru
 14488 | D:11     | Received a gift from Okawaru
 15034 | Lair:1   | Entered Level 1 of the Lair of Beasts
 15063 | Lair:1   | Reached XP level 12. HP: 72/84 MP: 16/16
 16150 | Lair:1   | Noticed an eight-headed hydra
 16162 | Lair:1   | Killed an eight-headed hydra
 16881 | Lair:1   | Noticed a five-headed hydra
 16894 | Lair:1   | Killed a five-headed hydra
 16894 | Lair:1   | Reached skill level 9 in Fighting
 17308 | Lair:2   | Noticed a seven-headed hydra
 17329 | Lair:2   | Received a gift from Okawaru
 17331 | Lair:2   | Killed a seven-headed hydra
 17451 | Lair:2   | Noticed a seven-headed hydra
 17790 | Lair:2   | Killed a seven-headed hydra
 17790 | Lair:2   | Received a gift from Okawaru
 17856 | Lair:2   | Noticed Harold
 18785 | Lair:2   | Received a gift from Okawaru
 19008 | Lair:2   | Killed Harold
 19008 | Lair:2   | Received a gift from Okawaru
 19008 | Lair:2   | Reached skill level 15 in Slings
 19008 | Lair:2   | Reached XP level 13. HP: 90/90 MP: 10/18
 19732 | Lair:3   | Found a staircase to the Shoals.
 20872 | Lair:4   | Noticed Sonja
 21127 | Lair:3   | Killed Sonja
 21209 | Lair:3   | Reached skill level 10 in Fighting
 21321 | Lair:2   | Received a gift from Okawaru
 22077 | Lair:4   | Received a gift from Okawaru
 23180 | Lair:4   | Found a hole to the Spider Nest.
 23208 | Lair:4   | Received a gift from Okawaru
 23208 | Lair:4   | Reached skill level 10 in Dodging
 23418 | Lair:4   | Noticed a five-headed hydra
 23430 | Lair:4   | Killed a five-headed hydra
 24083 | Lair:5   | Noticed an eight-headed hydra
 24084 | Lair:5   | Noticed a four-headed hydra
 24105 | Lair:5   | Killed an eight-headed hydra
 24122 | Lair:5   | Killed a four-headed hydra
 24253 | Lair:4   | Noticed a five-headed hydra
 24298 | Lair:4   | Reached XP level 14. HP: 73/99 MP: 20/20
 25554 | Lair:5   | Received a gift from Okawaru
 26162 | Lair:5   | Reached skill level 5 in Armour
 26417 | Lair:5   | Reached skill level 11 in Fighting
 27313 | Lair:6   | Entered Level 6 of the Lair of Beasts
 27856 | Lair:6   | Received a gift from Okawaru
 27859 | Lair:6   | Got an ancient crystal plate armour {god gift}
 30261 | Lair:6   | Found a runed door.
 30264 | Lair:6   | Found a viscous altar of Jiyva.
 30264 | Lair:6   | Noticed an acid blob
 30275 | Lair:6   | Found a staircase to the Slime Pits.
 30275 | Lair:6   | Noticed an acid blob
 30329 | Lair:6   | Reached XP level 15. HP: 96/107 MP: 21/21
 31098 | Lair:6   | Received a gift from Okawaru
 31146 | Lair:6   | Identified Geshicw's Almanac of Flames and Weightlessness
 31156 | Lair:6   | Got a jewelled hand axe
 31592 | Lair:1   | Identified the +1 crystal plate armour of Greed {+Fly} (Okawaru gifted it to you on level 6 of the Lair of Beasts)
 32019 | D:11     | Found a staircase to the Orcish Mines.
 33266 | D:12     | Reached skill level 12 in Fighting
 34421 | D:13     | Found a portal to a secret trove of treasure.
 34706 | D:13     | Found a blossoming altar of Fedhas.
 34975 | D:14     | Found a gate to the Vaults.
 35442 | D:14     | Received a gift from Okawaru
 36003 | D:13     | Received a gift from Okawaru
 36224 | D:14     | Found a white marble altar of Elyvilon.
 36586 | D:14     | Received a gift from Okawaru
 36706 | D:14     | Reached XP level 16. HP: 70/115 MP: 22/22
 37062 | D:15     | Entered Level 15 of the Dungeon
 37514 | D:15     | Noticed Azrael
 37544 | D:15     | Killed Azrael
 38760 | D:14     | Received a gift from Okawaru
 38977 | D:15     | Reached skill level 10 in Armour
 38977 | D:15     | Reached skill level 1 in Shields
 39707 | D:15     | Found a staircase to the Depths.
 40608 | D:7      | Bought a scroll of teleportation for 99 gold pieces
 40682 | D:4      | Bought a glowing rapier for 220 gold pieces
 40871 | Orc:1    | Entered Level 1 of the Orcish Mines
 41168 | Orc:2    | Entered Level 2 of the Orcish Mines
 41168 | Orc:2    | Found Latz's Book Shoppe.
 41168 | Orc:2    | Found Edueb's Jewellery Boutique.
 41168 | Orc:2    | Noticed Maurice
 41201 | Orc:1    | Killed Maurice
 41784 | D:11     | Received a gift from Okawaru
 42849 | D:11     | Reached skill level 13 in Fighting
 43787 | Orc:1    | Reached skill level 5 in Shields
 44387 | Orc:2    | Paralysed by an orc sorcerer for 4 turns
 44595 | Orc:2    | Paralysed by an orc sorcerer for 6 turns
 44607 | Orc:2    | Paralysed by an orc sorcerer for 3 turns
 44839 | Orc:2    | Paralysed by an orc sorcerer for 6 turns
 45008 | Orc:1    | Received a gift from Okawaru
 45137 | Orc:2    | Found Wolyirch's General Store.
 45230 | Orc:2    | Bought a potion of lignification for 51 gold pieces
 45274 | Orc:2    | Noticed Saint Roka
 46619 | Orc:2    | Killed Saint Roka
 46619 | Orc:2    | Received a gift from Okawaru
 46619 | Orc:2    | Reached XP level 17. HP: 36/123 MP: 20/23
 47189 | Orc:2    | Found Sil Egga's Antique Armour Shoppe.
 47304 | Orc:2    | Found Waecajepn's Antique Weapon Boutique.
 47311 | Orc:2    | Found a staircase to the Elven Halls.
 47703 | Orc:1    | Found a burning altar of Makhleb.
 48168 | Orc:2    | Bought a +3 amulet of reflection for 375 gold pieces
 48199 | Orc:2    | Bought a +2 pair of boots of stealth for 365 gold pieces
 48204 | Orc:2    | Bought a scroll of remove curse for 51 gold pieces
 48278 | Orc:2    | Received a gift from Okawaru
 48325 | Orc:2    | Bought a cursed amulet of inaccuracy for 30 gold pieces
 48325 | Orc:2    | Bought a cursed -3 ring of strength for 30 gold pieces
 48361 | Orc:2    | Bought a distressingly furry robe for 171 gold pieces
 48371 | Orc:2    | Identified the +2 robe of the Crown {+Blink rElec rN++ MP-9} (You bought it in a shop on level 2 of the Orcish Mines)
 48621 | Elf:1    | Entered Level 1 of the Elven Halls
 48934 | Elf:1    | Received a gift from Okawaru
 48937 | Elf:1    | Got a crude hunting sling {god gift}
 49018 | Elf:1    | Identified the +5 hunting sling "Ultimatum" {venom, rElec rPois Str+2} (Okawaru gifted it to you on level 1 of the Elven Halls)
 49121 | Elf:1    | Identified the Papyrus of Confrontation
 50824 | Elf:2    | Reached skill level 1 in Long Blades
 51229 | Elf:2    | Found an ancient bone altar of Kikubaaqudgha.
 51677 | Elf:2    | Found Herokk's Magic Scroll Shoppe.
 51690 | Elf:2    | Bought a scroll of identify for 24 gold pieces
 51886 | Elf:2    | Found Fecuefy's Jewellery Shoppe.
 51886 | Elf:2    | Found Reifuukk's Gadget Shop.
 51892 | Elf:2    | Found Motiut's Gadget Shop.
 51976 | Elf:2    | Received a gift from Okawaru
 51981 | Elf:2    | Gained mutation: Your mind is acute. (Int +2) [a neqoxec]
 52013 | Elf:2    | Identified a +2 pair of boots of running (Okawaru gifted it to you on level 2 of the Elven Halls)
 52292 | Elf:2    | Found a large runed door.
 52292 | Elf:2    | Found a large runed door.
 52332 | Elf:2    | Reached skill level 14 in Fighting
 52344 | Elf:2    | Found a large runed door.
 52344 | Elf:2    | Found a large runed door.
 53680 | Elf:2    | Reached XP level 18. HP: 80/131 MP: 24/24
 55835 | Elf:2    | Reached skill level 5 in Long Blades
 57250 | Spider:1 | Entered Level 1 of the Spider Nest
 57652 | Spider:1 | Received a gift from Okawaru
 59050 | Spider:2 | Found a frozen archway.
 59062 | IceCv    | Entered an ice cave
 59989 | IceCv    | Noticed an Ice Fiend
 60001 | IceCv    | Reached skill level 15 in Dodging
 62953 | Spider:2 | Got a translucent mace
 62965 | Spider:2 | Identified the +11 mace of Puqymnex {protect, Int+5 Stlth+} (You found it on level 2 of the Spider Nest)
 63203 | Spider:2 | Received a gift from Okawaru
 63409 | Spider:2 | Reached XP level 19. HP: 138/138 MP: 16/25
 64939 | Spider:2 | Received a gift from Okawaru
 65196 | Spider:2 | Reached skill level 15 in Fighting
 65390 | Spider:3 | Noticed Louise
 65469 | Spider:3 | Cast into level 3 of the Abyss (Louise)
 65508 | Spider:3 | Escaped the Abyss
 65554 | Spider:3 | Killed Louise
 65984 | Spider:3 | Noticed Mara
 66040 | Spider:3 | Noticed KarmaPolice's illusion
 66086 | Spider:2 | HP: 6/139 [poisoned by Mara]
 66091 | Spider:2 | HP: 5/139 [poisoned by Mara]
 66096 | Spider:2 | HP: 4/139 [poisoned by Mara]
 66103 | Spider:2 | HP: 5/139 [poisoned by Mara]
 66111 | Spider:2 | HP: 5/139 [poisoned by Mara]
 66751 | Shoals:1 | Entered Level 1 of the Shoals
 67394 | Shoals:3 | Noticed Polyphemus
 68179 | Shoals:2 | Received a gift from Okawaru
 68973 | Shoals:3 | Killed Polyphemus
 69758 | Shoals:1 | Received a gift from Okawaru
 70289 | Shoals:3 | Received a gift from Okawaru
 70825 | Shoals:4 | Entered Level 4 of the Shoals
 71124 | Shoals:4 | Received a gift from Okawaru
 71985 | Shoals:4 | Reached XP level 20. HP: 125/146 MP: 17/26
 72209 | Shoals:4 | Got a barnacled rune of Zot
 72232 | Shoals:4 | Received a gift from Okawaru
 73751 | Shoals:4 | Noticed Ilsuiw
 74910 | Shoals:4 | Killed Ilsuiw
 75430 | Shoals:4 | Reached skill level 10 in Long Blades
 75435 | Shoals:4 | Received a gift from Okawaru
 76221 | Shoals:4 | Learned a level 5 spell: Silence
 76226 | Shoals:4 | Learned a level 4 spell: Airstrike
 76233 | Shoals:4 | Learned a level 6 spell: Deflect Missiles
 76237 | Shoals:4 | Got a slimy morningstar
 77326 | Vaults:1 | Entered Level 1 of the Vaults
 77385 | Vaults:1 | Reached skill level 16 in Fighting
 77513 | D:14     | Reached skill level 1 in Air Magic
 78256 | Vaults:1 | Reached ****** piety under Okawaru
 78733 | Vaults:1 | Received a gift from Okawaru
 78878 | Vaults:1 | Paralysed by an ogre mage for 2 turns
 79221 | D:14     | Reached XP level 21. HP: 152/153 MP: 18/27
 79438 | Vaults:1 | Received a gift from Okawaru
 79446 | Vaults:1 | Got a shimmering buckler {god gift}
 79463 | Vaults:1 | Identified the +1 buckler of Untold Secrets {+Inv rF+ Slay+4} (Okawaru gifted it to you on level 1 of the Vaults)
 79637 | Vaults:1 | Found Conale Aroo's General Store.
 79652 | Vaults:1 | Bought a potion of might for 60 gold pieces
 81765 | Vaults:2 | Noticed a bone dragon
 81796 | Vaults:2 | Killed a bone dragon
 81803 | Vaults:2 | Found a staircase to the Crypt.
 82579 | Vaults:2 | Reached skill level 5 in Air Magic
 83135 | Vaults:2 | Reached skill level 15 in Armour
 83156 | Vaults:2 | Reached skill level 1 in Hexes
 83228 | Vaults:2 | Received a gift from Okawaru
 83781 | Vaults:2 | Upgraded the game from 0.19.0 to 0.19.0-1-g5985abe
 84213 | Vaults:3 | Got a polished dagger
 84232 | Vaults:3 | Noticed Frederick
 84279 | Vaults:3 | Killed Frederick
 84466 | Vaults:3 | Identified the +5 dagger of Bile {venom, *Corrode +Inv MP-9 SInv} (You found it on level 3 of the Vaults)
 84989 | Vaults:3 | Received a gift from Okawaru
 85612 | Vaults:3 | Reached XP level 22. HP: 162/162 MP: 19/28
 86068 | Vaults:3 | Received a gift from Okawaru
 86072 | Vaults:3 | Reached skill level 17 in Fighting
 86823 | Vaults:3 | Received a gift from Okawaru
 86835 | Vaults:3 | Got a faintly glowing hunting sling {god gift}
 86836 | Vaults:3 | Identified the +9 hunting sling "Fecateukk" {freeze, rPois} (Okawaru gifted it to you on level 3 of the Vaults)
 87139 | Vaults:4 | Noticed Jory
 87187 | Vaults:4 | Killed Jory
 87187 | Vaults:4 | Reached skill level 1 in Spellcasting
 87950 | Vaults:4 | Received a gift from Okawaru
 88073 | Vaults:4 | Reached skill level 5 in Hexes
 88142 | Vaults:4 | Found a glowing silver altar of Zin.
 90432 | Elf:2    | Bought a scroll of magic mapping for 42 gold pieces
 90432 | Elf:2    | Bought a scroll of fear for 42 gold pieces
 90432 | Elf:2    | Bought a scroll of silence for 90 gold pieces
 90432 | Elf:2    | Bought a scroll of remove curse for 36 gold pieces
 90432 | Elf:2    | Bought a scroll of remove curse for 36 gold pieces
 90432 | Elf:2    | Bought a scroll of recharging for 114 gold pieces
 90533 | Elf:3    | Entered Level 3 of the Elven Halls
 91686 | Elf:3    | Reached XP level 23. HP: 158/168 MP: 20/29
 91713 | Elf:3    | Received a gift from Okawaru
 91794 | Elf:3    | Cast into level 3 of the Abyss (a deep elf sorcerer)
 91864 | Abyss:3  | Found an ancient bone altar of Kikubaaqudgha.
 91931 | Abyss:3  | Found a corrupted altar of Lugonu.
 92024 | Abyss:3  | Identified the +11 morningstar of Pooqoec {speed, rC+ Str+3} (You found it on level 4 of the Shoals)
 92559 | Abyss:3  | Gained mutation: You are frail. (-10% HP) [mutagenic glow]
 92594 | Abyss:3  | Gained mutation: Scrolls take you a little longer to read. [mutagenic glow]
 92770 | Abyss:3  | Found a corrupted altar of Lugonu.
 92865 | Abyss:3  | Received a gift from Okawaru
 92865 | Abyss:3  | Paralysed by accursed screaming for 1 turns
 93013 | Abyss:3  | Found a corrupted altar of Lugonu.
 93215 | Elf:3    | Escaped the Abyss
 94305 | Spider:3 | Noticed KarmaPolice's illusion
 94308 | Spider:3 | Killed Mara
 94308 | Spider:3 | Received a gift from Okawaru
 94516 | Spider:4 | Entered Level 4 of the Spider Nest
 94708 | Spider:4 | Received a gift from Okawaru
 95119 | Spider:4 | Reached skill level 5 in Spellcasting
 96606 | Spider:4 | Got a gossamer rune of Zot
 97526 | D:7      | Bought a scroll of recharging for 313 gold pieces
 98094 | Depths:1 | Entered Level 1 of the Depths
 98094 | Depths:1 | Found a gateway to Hell.
 98106 | Depths:1 | Noticed Asterion
 98129 | Depths:1 | Killed Asterion
 98318 | Depths:1 | Found a one-way gate leading to the halls of Pandemonium.
 98732 | Depths:1 | Received a gift from Okawaru
 98903 | Depths:1 | Reached XP level 24. HP: 157/157 MP: 21/30
 99433 | Depths:2 | Found Waleppok's Jewellery Boutique.
 99607 | Depths:2 | Found a one-way gate to the infinite horrors of the Abyss.
100389 | Depths:2 | Noticed Sojobo
101569 | Depths:1 | Received a gift from Okawaru
103495 | Depths:3 | Received a gift from Okawaru
104203 | Depths:2 | Killed Sojobo
104203 | Depths:2 | Received a gift from Okawaru
104227 | Depths:2 | Got an encrusted fustibalus {god gift}
104228 | Depths:2 | Identified the +8 fustibalus "Hoevask" {venom, Dex+4} (Okawaru gifted it to you on level 2 of the Depths)
104467 | Depths:2 | Noticed the Enchantress
104538 | Depths:2 | Killed the Enchantress
104540 | Depths:2 | Got an ancient lead ring
104544 | Depths:2 | Got faerie dragon scales
104998 | Depths:2 | Learned a level 2 spell: Swiftness
105001 | Depths:2 | Got a pitted scale mail
105323 | Depths:2 | Reached XP level 25. HP: 135/163 MP: 21/30
105544 | Depths:3 | Reached skill level 18 in Fighting
105629 | Depths:3 | Reached skill level 15 in Long Blades
106973 | Depths:3 | Reached skill level 10 in Evocations
107021 | Depths:3 | Identified the +4 faerie dragon scales {*Corrode MR++ Dex+4} (You took it off the Enchantress on level 2 of the Depths)
107032 | Depths:3 | Identified the +2 scale mail "Faixt" {+Blink rElec} (You found it on level 2 of the Depths)
107061 | Depths:4 | Noticed Margery
107240 | Depths:3 | Killed Margery
107240 | Depths:3 | Received a gift from Okawaru
108003 | Depths:4 | Found a gateway to a ziggurat.
109039 | Depths:3 | Reached skill level 10 in Air Magic
109658 | Depths:4 | Got a distressingly furry plate armour
110070 | Depths:4 | Got an uncursed crystal scimitar {drain}
110071 | Depths:4 | Identified the +5 scimitar of Inigrin {drain, Str+6 Stlth+} (You took it off a yaktaur on level 4 of the Depths)
110084 | Depths:4 | Identified the ring of Peos {rC+ MR+ SInv} (You found it on level 2 of the Depths)
111098 | Depths:4 | Received a gift from Okawaru
111123 | Depths:4 | Noticed vev's ghost (veteran CeVM)
111578 | Depths:4 | Killed vev's ghost
111578 | Depths:4 | Reached XP level 26. HP: 82/171 MP: 21/30
112159 | Depths:4 | Identified the Grimoire of the Icy Birds
112376 | Depths:1 | Reached XP level 27. HP: 177/177 MP: 21/30
112393 | Depths:1 | Identified the cursed +1 plate armour of Valour {Dex+3} (You took it off a deep elf high priest on level 4 of the Depths)
112556 | Crypt:1  | Entered Level 1 of the Crypt
112777 | Crypt:1  | Received a gift from Okawaru
113209 | D:13     | You paid a toll of 14 scrolls of teleportation to enter a treasure trove
113210 | Trove    | Entered a treasure trove
113243 | Trove    | Got an opalescent robe
113254 | Trove    | Identified the +1 robe "Idykeif" {rF+ Dex+4} (You found it in a treasure trove)
113264 | Trove    | Got a faintly glowing buckler
113275 | Trove    | Identified the +1 buckler of the Heavens {Dex+2} (You found it in a treasure trove)
113287 | Trove    | Got a warped chain mail
113293 | Trove    | Identified the cursed +1 chain mail of Disaster {rF- rCorr Int+6 Dex-4} (You found it in a treasure trove)
113301 | Trove    | Got a pair of distressingly furry boots
113312 | Trove    | Identified the +2 pair of boots of Monotheism {rPois rC- Str+8 Stlth-} (You found it in a treasure trove)
113319 | Trove    | Got a pair of twisted boots
113325 | Trove    | Identified the +0 pair of boots of the Cricket {rF++ MR+ SInv} (You found it in a treasure trove)
114996 | Elf:3    | Upgraded the game from 0.19.0-1-g5985abe to 0.19.0-2-gae57169
115040 | Elf:3    | Received a gift from Okawaru
115082 | Elf:3    | Got a fine short sword {holy}
115083 | Elf:3    | Identified the +1 short sword "Manko" {holy, *Slow rElec rN+++ Stlth-} (You took it off a deep elf annihilator on level 3 of the Elven Halls)
115155 | Elf:3    | Identified the Disquisition on Toxins and Stones
115294 | Elf:3    | Learned a level 6 spell: Invisibility
115297 | Elf:3    | Learned a level 2 spell: Passwall
115354 | Elf:3    | Got a transparent chain mail
115450 | Elf:3    | Reached skill level 19 in Fighting
115660 | Elf:2    | Bought a scroll of remove curse for 36 gold pieces
115660 | Elf:2    | Bought a scroll of remove curse for 36 gold pieces
115970 | Crypt:1  | Identified the +10 chain mail "Viloen Onori" {rF+ Str+2} (You found it on level 3 of the Elven Halls)
116431 | Crypt:1  | Received a gift from Okawaru
117059 | Crypt:2  | Noticed a greater mummy
117077 | Crypt:2  | Killed a greater mummy
117116 | Crypt:2  | Noticed a greater mummy
117357 | Depths:5 | Entered Level 5 of the Depths
118287 | Depths:5 | Noticed Xtahua
118301 | Depths:5 | Killed Xtahua
118327 | Depths:5 | Identified a scroll of acquirement
119316 | Depths:5 | Found a gate to the Realm of Zot.
119339 | Depths:5 | Received a gift from Okawaru
119343 | Depths:5 | Got a faintly glowing hat {god gift}
119354 | Depths:5 | Identified the +0 hat of Compression {rF+ MR+} (Okawaru gifted it to you on level 5 of the Depths)
119577 | Depths:5 | Reached skill level 10 in Hexes
120208 | Vaults:5 | Entered Level 5 of the Vaults
121749 | Vaults:5 | Reached skill level 20 in Fighting
122033 | Vaults:4 | Received a gift from Okawaru
122473 | Vaults:4 | Received a gift from Okawaru
122833 | Vaults:4 | Received a gift from Okawaru
123532 | Vaults:5 | Got a silver rune of Zot
123718 | Vaults:5 | Got a faintly humming plate armour
123721 | Vaults:5 | Identified the +5 plate armour of Inference {MR+ Str-4 Dex+5} (You found it on level 5 of the Vaults)
124471 | Vaults:5 | Got a shimmering long sword
124472 | Vaults:5 | Identified the +4 long sword of Faif {elec, rPois rC+ Int-3} (You found it on level 5 of the Vaults)
124529 | Vaults:5 | Identified Sif Muna's Reference Book on the Toxic Rocks
124535 | Vaults:5 | Got a transparent cloak
124546 | Vaults:5 | Identified the +0 cloak of the Hippo {Regen+ Slay+3} (You found it on level 5 of the Vaults)
124832 | Vaults:5 | Found Muox's General Store.
124882 | Vaults:5 | Found Koazyett's Gadget Shoppe.
125219 | Vaults:5 | Reached skill level 21 in Fighting
125545 | Vaults:5 | Received a gift from Okawaru
125629 | Vaults:5 | Found Nailo Xon's Book Shoppe.
126056 | Vaults:5 | Found Muceer's Gadget Boutique.
126273 | Vaults:5 | Bought a bread ration for 85 gold pieces
126615 | Crypt:2  | Killed a greater mummy
126615 | Crypt:2  | Received a gift from Okawaru
126622 | Crypt:2  | Got a bloodstained animal skin {god gift}
126631 | Crypt:2  | Identified the +1 animal skin of the Slug {rElec Str+2} (Okawaru gifted it to you on level 2 of the Crypt)
127717 | Crypt:2  | Noticed a greater mummy
127737 | Crypt:2  | Killed a greater mummy
127819 | Crypt:3  | Entered Level 3 of the Crypt
128565 | Crypt:3  | Reached skill level 22 in Fighting
128750 | Crypt:3  | Noticed Jorgrun
128774 | Crypt:3  | Killed Jorgrun
129079 | Crypt:3  | Got a distressingly furry chain mail
129087 | Crypt:3  | Got a scorched zirconium amulet
129095 | Crypt:3  | Identified the amulet of Kelui {rPois rN+ Regen+ Str+4 Int-4} (You found it on level 3 of the Crypt)
129123 | Crypt:3  | Got a fine bronze ring
129123 | Crypt:3  | Got a sparkling brass ring
129124 | Crypt:3  | Identified the ring of Xom's Entertainment {rN+ Int+4 SInv} (You found it on level 3 of the Crypt)
129127 | Crypt:3  | Identified the ring of Jyirrer {rN+ MR+ Int+4} (You found it on level 3 of the Crypt)
129406 | Crypt:3  | Found a staircase to the Tomb.
129417 | Tomb:1   | Entered Level 1 of the Tomb of the Ancients
129983 | D:14     | Identified the cursed +1 chain mail of the Slug {Int+3} (You found it on level 3 of the Crypt)
130193 | Vaults:5 | Bought a sack of spiders for 340 gold pieces
130193 | Vaults:5 | Bought a sack of spiders for 340 gold pieces
130198 | Vaults:5 | Bought a phial of floods for 840 gold pieces
130588 | Lair:6   | Received a gift from Okawaru
130710 | Slime:1  | Entered Level 1 of the Pits of Slime
131228 | Slime:2  | Killed Donald
131512 | Slime:3  | Gained mutation: Your magical capacity is low. (-10% MP) [a shining eye]
131624 | Slime:5  | Entered Level 5 of the Pits of Slime
132076 | Slime:5  | Noticed the Royal Jelly
134238 | Hell     | Entered the Vestibule of Hell
134238 | Hell     | Noticed Geryon
134320 | Depths:1 | Received a gift from Okawaru
134867 | Depths:1 | Received a gift from Okawaru
135184 | Hell     | Killed Geryon
135225 | Hell     | Received a gift from Okawaru
135347 | Hell     | Found a gateway to the freezing wastes of Cocytus.
135477 | Hell     | Found a gateway to the decaying netherworld of Tartarus.
135795 | Hell     | Received a gift from Okawaru
135879 | Hell     | Found a gateway to the ashen valley of Gehenna.
135898 | Geh:1    | Entered Level 1 of Gehenna
136018 | Geh:1    | Received a gift from Okawaru
136331 | Geh:1    | Reached skill level 23 in Fighting
136529 | Geh:1    | Received a gift from Okawaru
136784 | Hell     | Found a gateway to the Iron City of Dis.
137013 | Zot:1    | Entered Level 1 of the Realm of Zot
137142 | Depths:5 | Received a gift from Okawaru
137651 | Zot:1    | Received a gift from Okawaru
137727 | Zot:1    | Noticed an orb of fire
137756 | Zot:1    | Gained mutation: Scrolls take you longer to read. [an orb of fire]
137817 | Depths:5 | Gained mutation: You are clumsy. (Dex -2) [an orb of fire]
137832 | Depths:5 | Killed an orb of fire
138060 | Depths:5 | Received a gift from Okawaru
139641 | Slime:5  | Gained mutation: You are very frail. (-20% HP) [a shining eye]
141255 | Geh:1    | Gained mutation: Scrolls take you much longer to read. [mutagenic glow]
141569 | Dis:1    | Entered Level 1 of the Iron City of Dis
141609 | Dis:1    | Received a gift from Okawaru
142087 | Tar:1    | Entered Level 1 of Tartarus
144150 | Zot:2    | Received a gift from Okawaru
145059 | Zot:2    | Reached skill level 24 in Fighting
146968 | Zot:3    | Received a gift from Okawaru
147301 | Zot:3    | Received a gift from Okawaru
147839 | Zot:4    | Got a scorched falchion
147840 | Zot:4    | Identified the +1 falchion of a labyrinth {speed, rElec} (You found it on level 4 of the Realm of Zot)
149479 | Tar:1    | HP: 8/172 [doom hound (37)]
149479 | Tar:1    | Slain by a Tzitzimitl

Skill      XL: |  1  2  3  4  5  6  7  8  9 10 11 12 13 14 15 16 17 18 19 20 21 22 23 24 25 26 27 |
---------------+----------------------------------------------------------------------------------+-----
Fighting       | 2 3 4 6 7 8 9 10 11 12 13 14 15 16 17 18 24 | 24.5
Slings         | 6 7 8 9 10 12 13 15 16 17 18 19 20 21 22 | 22.0
Short Blades   | 1 2 3 4 6 7 9 |  9.3
Dodging        | 3 4 6 8 10 11 13 14 15 16 17 21 | 21.6
Armour         | 2 4 7 9 11 12 13 14 15 16 17 19 | 19.0
Invocations    | 3 4 6 8 |  8.0
Evocations     | 2 5 7 8 9 10 | 10.0
Shields        | 6 |  6.0
Long Blades    | 4 6 9 10 12 13 14 15 16 23 | 23.0
Air Magic      | 3 5 6 8 10 11 | 11.9
Hexes          | 3 6 8 9 13 | 13.0
Spellcasting   | 3 5 |  5.2
Stealth        | |  1.1

Action                   |  1- 3 |  4- 6 |  7- 9 | 10-12 | 13-15 | 16-18 | 19-21 | 22-24 | 25-27 || total
-------------------------+-------+-------+-------+-------+-------+-------+-------+-------+-------++-------
Melee: Short sword       |    90 |       |       |       |       |       |       |       |       ||    90
       Dagger            |    13 |   180 |   193 |       |       |       |       |       |       ||   386
       Rapier            |       |       |    36 |   658 |  1175 |   796 |       |       |       ||  2665
       Punch             |       |       |       |     3 |     5 |     3 |       |       |       ||    11
       Fustibalus        |       |       |       |       |     1 |       |       |       |       ||     1
       Scimitar          |       |       |       |       |       |   599 |   951 |   715 |  3204 ||  5469
       Long sword        |       |       |       |       |       |    14 |   649 |   190 |       ||   853
       Demon blade       |       |       |       |       |       |       |       |   952 |  1396 ||  2348
       Hunting sling     |       |       |       |       |       |       |       |     1 |       ||     1
       Pair of quick bla |       |       |       |       |       |       |       |       |     8 ||     8
 Fire: Hunting sling     |    33 |   131 |   351 |   552 |   310 |  1056 |  1698 |  1131 |       ||  5262
       Fustibalus        |       |       |       |       |   841 |   734 |       |    11 |  1648 ||  3234
       Blowgun           |       |       |       |       |       |     4 |       |       |       ||     4
Throw: Stone             |       |       |       |     4 |       |       |       |       |       ||     4
 Cast: Silence           |       |       |       |       |       |       |       |     3 |    12 ||    15
Invok: Heroism           |       |       |       |    10 |    12 |    23 |     4 |     7 |     3 ||    59
       Finesse           |       |       |       |     6 |    11 |    12 |     3 |     8 |     6 ||    46
 Abil: Evoke Blink       |       |       |       |       |       |       |       |     1 |       ||     1
Evoke: Wand              |       |       |       |     5 |     5 |    18 |    21 |    29 |    24 ||   102
       Phantom mirror    |       |       |       |       |       |     1 |       |       |       ||     1
       Box of beasts     |       |       |       |       |       |       |       |     4 |     5 ||     9
       Phial of floods   |       |       |       |       |       |       |       |       |     3 ||     3
       Sack of spiders   |       |       |       |       |       |       |       |       |     2 ||     2
       Horn of Geryon    |       |       |       |       |       |       |       |       |     1 ||     1
  Use: Potion            |       |     2 |       |     4 |     3 |    10 |     7 |    18 |    23 ||    67
       Scroll            |       |       |     8 |     7 |     7 |    16 |    11 |    10 |    29 ||    88
 Stab: Sleeping          |     1 |     1 |     2 |     1 |     1 |       |     2 |     3 |     7 ||    18
       Distracted        |       |       |       |       |       |     1 |       |     4 |     3 ||     8
       Confused          |       |       |       |       |       |       |       |     1 |       ||     1
       Petrifying        |       |       |       |       |       |       |       |     1 |       ||     1
  Eat: Chunk             |     1 |     8 |    13 |    32 |    49 |    58 |    61 |    47 |    87 ||   356
       Fruit             |       |       |       |     2 |     8 |     9 |     1 |     5 |    30 ||    55
       Beef jerky        |       |       |       |       |       |     6 |     2 |     1 |     1 ||    10
       Pizza             |       |       |       |       |       |     3 |     3 |     1 |     1 ||     8
       Royal jelly       |       |       |       |       |       |       |       |     3 |     1 ||     4
       Bread ration      |       |       |       |       |       |       |       |       |     4 ||     4
       Meat ration       |       |       |       |       |       |       |       |       |     2 ||     2
Armor: Leather armour    |    18 |    24 |    34 |    82 |    48 |       |       |       |       ||   206
       Ring mail         |       |       |       |       |   121 |   202 |       |       |       ||   323
       Robe              |       |       |       |       |       |     4 |   168 |   171 |   149 ||   492
       Skin              |       |       |       |       |       |       |       |     7 |       ||     7
       Chain mail        |       |       |       |       |       |       |       |       |   784 ||   784
Dodge: Dodged            |    85 |   123 |   161 |   480 |  1570 |  1689 |  1660 |  1812 |  4668 || 12248
Block: Buckler           |       |       |       |       |       |   715 |  1051 |   898 |  1981 ||  4645
       Reflection        |       |       |       |       |       |    29 |   122 |    51 |    41 ||   243
       Other             |       |       |       |       |       |       |       |       |     1 ||     1
       Rpst.: Scimitar   |       |       |       |       |       |   149 |   204 |   115 |   620 ||  1088
       Long sword        |       |       |       |       |       |     7 |   103 |    27 |       ||   137
       Demon blade       |       |       |       |       |       |       |       |   131 |   161 ||   292
